 Dungeon Crawl Stone Soup version 0.17-a0-2058-g8b0eb12 (webtiles) character file.

10343 Ordine the Fighter (level 11, -2/86 HPs)
             Began as an Octopode Fighter on Oct 12, 2015.
             Was a Priest of Dithmenos.
             Slain by a seven-headed hydra (17 damage)
             ... on level 3 of the Lair of Beasts.
             The game lasted 00:55:14 (15909 turns).

Ordine the Fighter (Octopode Fighter)              Turns: 15909, Time: 00:55:14

Health: -2/86      AC:  1    Str: 17    XL:     11   Next: 60%
Magic:  20/20      EV: 11    Int: 10    God:    Dithmenos [***...]
Gold:   872        SH: 10    Dex: 16    Spells: 2 memorised, 8 levels left

rFire  . . .     SeeInvis .     F - +0 short sword
rCold  + . .     Clarity  .     b - +1 shield
rNeg   . . .     SustAt   .     (helmet restricted)
rPois  .         Gourm    .     n - amulet of rage
rElec  .         Spirit   .     t - +2 ring of strength
rCorr  .         Warding  .     J - ring of magical power
rMut   .         Stasis   .     R - ring of protection from cold
MR     .....                    (no ring)
Stlth  ++++......               (no ring)
                                (no ring)
                                (no ring)
                                (no ring)

@: very slightly contaminated, wreathed by umbra, invisible, not resistant to
hostile enchantments, stealthy
A: almost no armour, amphibious, 8 rings, constrict 8, camouflage 1, spit poison
1, gelatinous body 1
a: Spit Poison, Shadow Step, Renounce Religion, Evoke Berserk Rage


You were on level 3 of the Lair of Beasts.
You worshipped Dithmenos.
Dithmenos was most pleased with you.
You were not hungry.

You visited 3 branches of the dungeon, and saw 12 of its levels.

You collected 872 gold pieces.

Inventory:

Hand Weapons
 a - a +1 long sword
 y - a +0 blowgun
 F - a +0 short sword (weapon)
Missiles
 g - 335 stones (quivered)
 r - 3 steel javelins
 s - 7 needles of paralysis
 u - a throwing net
 v - 8 tomahawks
 M - 5 needles of sleeping
Armour
 b - a +1 shield (worn)
Jewellery
 n - an amulet of rage (around mantle)
 t - a +2 ring of strength (left tentacle)
 J - a ring of magical power (right tentacle)
 R - a ring of protection from cold (on tentacle)
Wands
 p - a wand of disintegration (11)
 D - a wand of invisibility (3)
 G - a wand of digging (6)
Scrolls
 l - 5 scrolls of remove curse
 o - 4 scrolls of teleportation
Potions
 c - a potion of might
 i - 2 potions of curing
 k - 3 potions of haste
 w - 2 potions of agility
 x - a potion of lignification
Comestibles
 N - 4 fruits


   Skills:
 + Level 12.7 Fighting
 + Level 12.6 Long Blades
 - Level 3.0 Dodging
 - Level 3.0 Shields


You had 8 spell levels left.
You knew the following spells:

 Your Spells              Type           Power        Failure   Level  Hunger
a - Apportation           Tloc           #.........   99%         1    ##.....
b - Corona                Hex            #......      99%         1    ##.....


Dungeon Overview and Level Annotations

Branches:
Dungeon (8/15)             Temple (1/1) D:5            Lair (3/8) D:8
  Swamp: Lair:3-6    Shoals: Lair:3-6     Snake: Lair:3-6    Spider: Lair:3-6

Altars:
Ashenzari
Cheibriados
Dithmenos
Elyvilon
Fedhas
Gozag
Kikubaaqudgha
Makhleb
Nemelex Xobeh
Okawaru
Qazlal
Ru
Sif Muna
Trog
Vehumet
Yredelemnul
Zin
The Shining One

Shops:
D:6 *


Innate Abilities, Weirdness & Mutations

You cannot wear most types of armour.
You are amphibious.
You can wear up to eight rings at the same time.
You can use your tentacles to constrict eight enemies at once.
Your skin changes colour to match your surroundings (Stealth).
Your rubbery body absorbs attacks (AC +1).
You can spit weak poison.


Message History

Zapping:
D - a wand of invisibility (4)
Press: ? - help, Shift-Dir - straight line, f - you You fade into invisibility!
You are very lightly contaminated with residual magic.
This wand has 3 charges left.
You climb downwards.
The seven-headed hydra bites you!
You block the seven-headed hydra's attack.
The seven-headed hydra bites you! The seven-headed hydra bites you.
You block the seven-headed hydra's attack.
The seven-headed hydra bites you! The seven-headed hydra bites you.
The porcupine bites you. The seven-headed hydra bites you!
The seven-headed hydra misses you.
You block the seven-headed hydra's attack.
The seven-headed hydra bites you.
* * * LOW HITPOINT WARNING * * *
The seven-headed hydra bites you!
* * * LOW HITPOINT WARNING * * *
The seven-headed hydra barely misses you.
The seven-headed hydra bites you!
You die...

## # .###
################.###
.#.###.#.#..P##.#.#.#...#
.........................
............#......P....
..........#........P.....
.#........#........#.....
#........[..#..+#r.#.....
#...............@........
##.#####.P##...D..P##.##.
#..# #.###....รทรทรท## #
#.## ### #........# ..#
#.......## #.. ##......P#
P.. #P.......# ...
#.........# ....
...........#


You could see a seven-headed hydra and a porcupine.

Vanquished Creatures
  Pikel (D:4)
  A hill giant (D:8)
  A fire drake (Lair:2)
  A spiny frog (Lair:1)
  3 komodo dragons
  23 yaks
  2 hippogriffs
  A basilisk (Lair:2)
  The ghost of Pereza0 the Stinger, an amateur NaVM (D:3)
  A hungry ghost (D:7)
  4 water moccasins
  2 slaves (D:4)
  2 orc warriors
  3 ice beasts
  A phantom (D:4)
  4 porcupines
  2 black bears
  3 ogres
  4 crocodiles
  4 giant frogs
  A big kobold (D:7)
  A water moccasin skeleton (D:7)
  4 killer bees (D:8)
  A wight (D:7)
  An electric eel (Lair:2)
  2 crimson imps
  A giant frog zombie (D:8)
  A jelly (D:5)
  2 orc priests (D:7)
  2 hounds (D:6)
  7 orc wizards
  A gnoll shaman (D:3)
  5 iguanas
  2 worker ants (D:4)
  10 sheep
  2 hound skeletons (D:4)
  3 gnolls
  9 adders
  35 river rats
  A shadow imp (D:6)
  An ooze (D:1)
  3 adder skeletons
  6 worms
  6 giant geckos
  22 orcs
  16 bats
  4 hobgoblins
  10 jackals
  9 quokkas
  3 ball pythons
  2 giant cockroaches
  4 giant newts
  6 goblins
  8 kobolds
  A quokka skeleton (D:6)
  12 rats
  7 fungi (D:8)
  2 plants (D:8)
277 creatures vanquished.

Vanquished Creatures (others)
  A slave (D:4)
  2 fungi
  A plant (D:8)
4 creatures vanquished.

Grand Total: 281 creatures vanquished

Notes
Turn   | Place    | Note
--------------------------------------------------------------
     0 | D:1      | Ordine the Octopode Fighter began the quest for the Orb.
     0 | D:1      | Reached XP level 1. HP: 16/16 MP: 1/1
    48 | D:1      | Reached XP level 2. HP: 13/21 MP: 2/2
   479 | D:1      | Reached XP level 3. HP: 24/26 MP: 3/3
   619 | D:1      | Gained mutation: You can spit weak poison. [potion of beneficial mutation]
  1642 | D:2      | Reached skill level 4 in Fighting
  1642 | D:2      | Reached XP level 4. HP: 6/33 MP: 4/4
  1925 | D:3      | Noticed Pereza0's ghost (amateur NaVM)
  2394 | D:3      | Reached XP level 5. HP: 33/38 MP: 5/5
  2543 | D:3      | Killed Pereza0's ghost
  2543 | D:3      | Reached skill level 5 in Fighting
  2543 | D:3      | Reached XP level 6. HP: 15/45 MP: 6/6
  3459 | D:4      | Found an iron altar of Okawaru.
  3496 | D:4      | Reached skill level 5 in Long Blades
  3940 | D:4      | HP: 2/45 [phantom (3)]
  3944 | D:4      | Reached XP level 7. HP: 2/51 MP: 7/7
  3997 | D:4      | HP: 2/51 [poisoned by a worker ant]
  4002 | D:4      | HP: 2/51 [poisoned by a worker ant]
  4307 | D:4      | Reached skill level 6 in Fighting
  4590 | D:4      | Noticed Pikel
  4651 | D:4      | Killed Pikel
  4651 | D:4      | Reached skill level 7 in Fighting
  4651 | D:4      | Reached XP level 8. HP: 24/60 MP: 8/8
  5351 | D:5      | Entered Level 5 of the Dungeon
  5572 | D:5      | Found a staircase to the Ecumenical Temple.
  5578 | Temple   | Entered the Ecumenical Temple
  5593 | Temple   | Became a worshipper of Dithmenos the Shadowed
  6384 | D:5      | Noticed a moth of wrath
  6386 | D:5      | Found a bloodstained altar of Trog.
  6652 | D:6      | Found a radiant altar of Vehumet.
  6687 | D:6      | Found an opulent altar of Gozag.
  6699 | D:6      | Found Gozag's Platinum Reserve.
  7069 | D:6      | Found a snail-covered altar of Cheibriados.
  7081 | D:6      | Reached skill level 8 in Fighting
  7465 | D:6      | Found a stormy altar of Qazlal.
  7675 | D:6      | Reached XP level 9. HP: 62/67 MP: 9/9
  7824 | D:6      | Reached skill level 9 in Fighting
  8985 | D:8      | Found a radiant altar of Vehumet.
  8998 | D:8      | Acquired Dithmenos's first power
  9000 | D:8      | Reached skill level 10 in Fighting
  9070 | D:8      | Reached skill level 10 in Long Blades
  9070 | D:8      | Reached XP level 10. HP: 33/76 MP: 10/10
  9203 | D:8      | Noticed a hill giant
  9214 | D:8      | Killed a hill giant
  9462 | D:8      | Found a staircase to the Lair.
  9920 | Lair:1   | Entered Level 1 of the Lair of Beasts
 10201 | Lair:1   | Reached skill level 11 in Fighting
 11553 | Lair:1   | Acquired Dithmenos's second power
 12020 | Lair:1   | Reached XP level 11. HP: 85/85 MP: 11/11
 12504 | Lair:2   | Reached skill level 12 in Fighting
 14258 | Lair:2   | Learned a level 1 spell: Apportation
 14260 | Lair:2   | Learned a level 1 spell: Corona
 14644 | Lair:3   | HP: 4/86 [yak (4)]
 15693 | Lair:3   | Noticed a seven-headed hydra
 15909 | Lair:3   | Slain by a seven-headed hydra

Vault maps used:
D:1:      lemuel_arrival_behind_the_door_large, minmay_strange_pillars,
          minmay_misc_feat_square
D:3:      first_bread
D:4:      mumra_celtic_spiral_tile, lemuel_round_altar, uniq_pikel
D:5:      tgw_trog, minmay_temple_entry_enclosed_plants
D:6:      minitemple, nicolae_gozag_zags_fifth_avenue, vehumet_altar_wand_db,
          roderic_roman_lattice
D:8:      due_lair_maze_entry_diamond, basic_altar
Temple:   eino_temple_water_12
Lair:2:   infiniplex_staircase_pool_2

Action                   |  1- 3 |  4- 6 |  7- 9 | 10-12 || total
-------------------------+-------+-------+-------+-------++-------
Melee: Long sword        |    80 |    74 |   239 |   372 ||   765
       Short sword       |       |       |       |     5 ||     5
 Fire: Blowgun           |       |       |       |     5 ||     5
Throw: Stone             |       |     4 |     9 |     7 ||    20
       Throwing net      |       |       |       |     1 ||     1
 Abil: Evoke Berserk Rag |       |     1 |     9 |    13 ||    23
       Spit Poison       |       |     5 |     1 |       ||     6
Evoke: Wand              |       |     2 |       |     1 ||     3
  Use: Scroll            |     7 |     4 |     8 |     7 ||    26
       Potion            |     2 |       |       |     2 ||     4
 Stab: Sleeping          |     4 |     5 |     4 |    12 ||    25
       Distracted        |       |       |     1 |     2 ||     3
  Eat: Chunk             |     2 |     6 |    17 |    26 ||    51
       Beef jerky        |       |     1 |     1 |     1 ||     3
       Bread ration      |       |       |     1 |       ||     1
       Royal jelly       |       |       |     1 |       ||     1
       Fruit             |       |       |       |     2 ||     2
       Meat ration       |       |       |       |     1 ||     1
